 Dungeon Crawl Stone Soup version 0.29-a0-330-g52719c12eb (webtiles) character file.

Game seed: 16432571360846257200

5 Iscandelvey the Magician (level 1, -1/15 HPs)
             Began as a Djinni Fire Elementalist on Apr 23, 2022.
             Slain by a hobgoblin (3 damage)
             ... on level 1 of the Dungeon.
             The game lasted 00:01:24 (398 turns).

Iscandelvey the Magician (Djinni Fire Elementalist)  Turns: 398, Time: 00:01:25

Health: -1/15      AC:  2    Str:  7    XL:     1   Next: 88%
Gold:   11         EV: 12    Int: 16    God:
                   SH:  0    Dex: 13

rFire   + + .      SeeInvis .   (no weapon)
rCold   x . .      Faith    .   (no shield)
rNeg    . . .      Spirit   .   a - +0 robe
rPois   ∞          Reflect  .   (no helmet)
rElec   .          Harm     .   (no cloak)
rCorr   .          Rampage  .   (no gloves)
Will    .....                   (boots unavailable)
Stlth   ++........              (no amulet)
HPRegen 0.05/turn               (no ring)
MPRegen 0.00/turn               (no ring)

@: flying
A: sickness immunity, fire resistance 2, cold vulnerability 1, float, innate
caster, HP casting, extra vitality 1
a: no special abilities


You were on level 1 of the Dungeon.
You visited 1 branch of the dungeon, and saw 1 of its levels.

You collected 11 gold pieces.

Inventory:

Missiles
 b - 4 atropa-tipped darts
Armour
 a - a +0 robe (worn)


   Skills:
 + Level 0.2 Armour
 + Level 2.3 Dodging
 + Level 1.7 Stealth
 * Level 2.5 Spellcasting


You couldn't memorise any spells.
You knew the following spells:

 Your Spells              Type           Power      Damage    Failure   Level
a - Foxfire               Conj/Fire      40%        2x1d6     7%          1
b - Scorch                Fire           20%        2d6       11%         2
c - Conjure Flame         Conj/Fire      10%        6-21      21%         3
d - Inner Flame           Hex/Fire       10%        N/A       21%         3
e - Flame Wave            Conj/Fire      10%        2d5       56%         4
Your spell library was empty.

Dungeon Overview and Level Annotations

Branches:
Dungeon (1/15)

Altars:


Innate Abilities, Weirdness & Mutations

You are immune to sickness and miasma.
You are immune to poison.
Your flesh is very heat resistant. (rF++)
You are vulnerable to cold. (rC-)
You float through the air rather than walking.
You learn spells naturally, not from books.
Your magical power is your life essence.
You have superior vitality. (+4 MHP)


Message History

A bat comes into view.
You conjure some foxfire!
The foxfire hits the bat.
The bat is moderately wounded.
The foxfire hits the bat but does no damage.
The bat is moderately wounded.
The bat closely misses you.
You conjure some foxfire!
The foxfire hits the bat.
You kill the bat!
A bat comes into view.
The foxfire hits the bat.
The bat is moderately wounded.
A hobgoblin comes into view.
You conjure some foxfire!
The foxfire hits the bat.
You kill the bat!
The foxfire hits the hobgoblin.
The hobgoblin is moderately wounded.
You conjure some foxfire!
The foxfire hits the hobgoblin.
The hobgoblin is severely wounded.
The foxfire hits the bat.
You kill the bat!
Your foxfire dissipates!
The hobgoblin attacks as you move away!
The hobgoblin hits you but does no damage.
The hobgoblin attacks as you move away! The hobgoblin misses you.
The hobgoblin attacks as you move away! The hobgoblin hits you.
The hobgoblin attacks as you move away! The hobgoblin hits you.
The hobgoblin attacks as you move away! The hobgoblin misses you.
The hobgoblin attacks as you move away!
The hobgoblin hits you but does no damage.
You are too injured to fight recklessly!
You are too injured to fight recklessly!
The hobgoblin attacks as you move away! The hobgoblin closely misses you.
The hobgoblin attacks as you move away! The hobgoblin hits you.
* * * LOW HITPOINT WARNING * * *
The hobgoblin attacks as you move away! The hobgoblin barely misses you.
The quokka attacks as you move away!
The quokka bites you but does no damage.
The quokka attacks as you move away! The quokka barely misses you.
The hobgoblin attacks as you move away! The hobgoblin hits you.
You die...

#........#
#...(....#############
###########........#...........#
.............>.....#.#########.#
...................#.# #.#
###.####.##........#.# #.# #.#
#.........###.# #.# #.#
#.........# #.# #.# #.#
#........@# #.# #.# #.#
#...###.gr# #.# #.# #.#
#..##.##..# #.# #.#
##.####..#...#..# #.# #.#
#.†...#..+.<.'..# #.# #.#
#.....#..#...#.g# #.# #.#
#..>..#..##.##..# #.# #.#
##.....#)..###...# #.#########.#
.................# #)........#.#


You could see a quokka and 2 hobgoblins.

Vanquished Creatures
  A giant cockroach (D:1)
  A ball python (D:1)
  3 bats (D:1)
  A frilled lizard (D:1)
6 creatures vanquished.

Vanquished Creatures (others)
  14 foxfires (D:1)
14 creatures vanquished.

Grand Total: 20 creatures vanquished

Notes
Turn   | Place    | Note
-------+----------+-------------------------------------------
     0 | D:1      | Iscandelvey the Djinni Fire Elementalist began the quest
                  | for the Orb.
     0 | D:1      | Reached XP level 1. HP: 15/15 MP: 0/0
   398 | D:1      | Slain by a hobgoblin

Illustrated notes

Levels and vault maps discovered:
D:1:      dpeg_arrival_shelter, layout_basic, hellmonk_ecumenical_altar_lost_god

Action                   || total
-------------------------++-------
 Cast: Foxfire           ||    11
Armor: Robe              ||     3
Dodge: Dodged            ||     7

Table legend: (Time is in decaauts)
 A = Elapsed time spent in this place.
 B = Non-inter-level travel time spent in this place.
 C = Inter-level travel time spent in this place.
 D = Time resting spent in this place.
 E = Time spent auto-exploring this place.
 F = Levels seen in this place.
 G = Mean time per level.
                   A        B        C        D        E       F      G
               +--------+--------+--------+--------+--------+-----+--------+
         Total |    398 |    398 |      0 |      0 |    336 |   1 |  398.0 |
       Dungeon |    398 |    398 |      0 |      0 |    336 |   1 |  398.0 |
               +--------+--------+--------+--------+--------+-----+--------+

Top non-repeatable levels by time:
     D:1: 398 daAuts
